 Dungeon Crawl Stone Soup version 0.17-a0-1533-g2f57bce (webtiles) character file.

1419 namelastname112 the Slasher (level 8, -9/70 HPs)
             Began as a Grey Draconian Skald on July 16, 2015.
             Mangled by a mummy (15 damage)
             ... in an ossuary.
             The game lasted 00:11:32 (6297 turns).

namelastname112 the Slasher (Grey Draconian Skald)  Turns: 6297, Time: 00:11:32

Health: -9/70      AC: 11    Str: 15    XL:     8   Next: 43%
Magic:  11/11      EV: 17    Int: 12    God:
Gold:   318        SH:  0    Dex: 13    Spells: 1 memorised, 10 levels left

rFire  . . .     SeeInvis .     o - +2 dagger (chaos)
rCold  + . .     Clarity  .     (armour unavailable)
rNeg   . . .     SustAt   .     (no shield)
rPois  .         Gourm    .     (helmet restricted)
rElec  .         Spirit   .     (no cloak)
rCorr  +         Warding  .     (no gloves)
rMut   .         Stasis   .     (no boots)
MR     .....                    l - amulet of resist corrosion
Stlth  +.........               C - ring of protection from cold
                                w - +3 ring of evasion

@: confused, lethally poisoned (-9 -> -16), not resistant to hostile
enchantments, very unstealthy
A: walk through water, unfitting armour, unbreathing, cold-blooded, AC +11
a: no special abilities


You were in an ossuary.
You were not hungry.

You visited 1 branch of the dungeon, and saw 6 of its levels.
You also visited: Ossuary.

You collected 318 gold pieces.

Inventory:

Hand weapons
 o - a +2 dagger of chaos (weapon)
 H - a +0 long sword
Jewellery
 l - an amulet of resist corrosion (around neck)
 w - a +3 ring of evasion (left hand)
 y - an uncursed ring of wizardry
 C - a ring of protection from cold (right hand)
Magical devices
 r - a wand of draining (10)
 D - a wand of enslavement (10)
Scrolls
 d - 3 scrolls of identify {unknown}
 h - 3 scrolls of amnesia {unknown}
 i - 2 scrolls of magic mapping {unknown}
 m - a scroll of blinking {unknown}
 q - a scroll of enchant weapon {unknown}
 s - 3 scrolls of recharging {unknown}
 v - 2 scrolls of enchant armour {unknown}
 F - a scroll of random uselessness {unknown}
Potions
 a - a potion of agility {unknown}
 e - 2 potions of might {unknown}
 j - a potion of haste {unknown}
 k - a potion of degeneration {unknown}
 p - 3 potions of curing {unknown}
 t - a potion of brilliance {unknown}
 u - 2 potions of poison
 A - 2 potions of ambrosia
 B - a potion of magic {unknown}
 E - 2 potions of resistance {unknown}
Books
 b - a book of Battle

   Spells                             Type                      Level
   a - Infusion                       Charms                       1
   b - Shroud of Golubria             Charms/Translocation         2
   c - Song of Slaying                Charms                       2
   d - Spectral Weapon                Hexes/Charms                 3
   e - Regeneration                   Charms/Necromancy            3
 x - a book of Death

   Spells                             Type                      Level
   a - Corpse Rot                     Necromancy                   2
   b - Sublimation of Blood           Necromancy                   2
   c - Agony                          Necromancy                   5
   d - Dispel Undead                  Necromancy                   5
   e - Excruciating Wounds            Charms/Necromancy            5
   f - Bolt of Draining               Conjuration/Necromancy       5
Comestibles
 c - 3 bread rations
 f - 3 slices of pizza
 g - 15 fruits
 n - 3 meat rations
 z - a royal jelly


   Skills:
 + Level 6.0 Fighting
 * Level 7.6 Long Blades
 + Level 4.9 Dodging
 - Level 2.0 Spellcasting
 - Level 2.6 Charms


You had 10 spell levels left.
You knew the following spells:

 Your Spells              Type           Power        Failure   Level  Hunger
z - Infusion              Chrm           #.....       12%         1    ##.....


Dungeon Overview and Level Annotations

Branches:
Dungeon (6/15)
 Temple: D:4-7

Altars:
Cheibriados
Xom

Shops:
D:5 (

Annotations:
D:2 Sigmund


Innate Abilities, Weirdness & Mutations

You can walk through water.
Your dull iron-grey scales are very hard (AC +11).
Your body does not fit into most forms of armour.
You can survive without breathing.
You are cold-blooded and may be slowed by cold attacks.


Message History

Drink which item? (? for menu, Esc to quit)
It was a potion of ambrosia.
You are confused.
You feel invigorated. The mummy hits you!
* * * LOW HITPOINT WARNING * * *
The mummy closely misses you. The mummy closely misses you. x2
The mummy closely misses you. The mummy hits you!
* * * LOW HITPOINT WARNING * * *
The mummy hits you.
* * * LOW HITPOINT WARNING * * *
You bump into the metal wall.
The mummy barely misses you.
Drink which item? (? for menu, Esc to quit)
It was a potion of poison.
That liquid tasted very nasty...
You are poisoned.
You feel sick. The mummy hits you!
* * * LOW HITPOINT WARNING * * *
The mummy hits you!
You die...

#######
#.#.#.#
+#+#+#'#'#'#
...........+
+##+##'##.#
#MM.#M+
#@MM#.#
#∩..#.'
#####.# ..+
#.#


You could see 4 mummies.

Vanquished Creatures
  The ghost of CipHuK the Ruffian, an experienced NaFi (D:4)
  Prince Ribbit (D:5)
  A sky beast (D:5)
  2 ogres
  A crimson imp (D:5)
  A giant frog skeleton (D:5)
  An orc wizard (D:3)
  A jelly (D:4)
  An orc priest (D:3)
  An iguana (D:4)
  3 worker ants
  A hound skeleton (D:5)
  A hound zombie (Ossuary)
  A mummy (Ossuary)
  11 gnolls
  9 adders
  2 shadow imps (D:5)
  2 oozes (D:1)
  An adder skeleton (D:5)
  5 worms
  4 giant geckos
  21 orcs
  7 bats
  2 giant cockroaches
  8 hobgoblins
  4 jackals
  9 kobolds
  2 quokkas
  A ball python (D:3)
  A giant newt (D:1)
  18 goblins
  2 quokka skeletons (D:5)
  15 rats
141 creatures vanquished.

Vanquished Creatures (others)
  A hound skeleton (D:6)
  An orc (D:4)
  A plant (Ossuary)
3 creatures vanquished.

Grand Total: 144 creatures vanquished

Notes
Turn   | Place    | Note
--------------------------------------------------------------
     0 | D:1      | namelastname112 the Draconian Skald began the quest for the Orb.
     0 | D:1      | Reached XP level 1. HP: 17/17 MP: 3/3
   101 | D:1      | Reached XP level 2. HP: 21/24 MP: 5/5
   775 | D:1      | Reached XP level 3. HP: 30/30 MP: 6/6
   905 | D:1      | Reached skill level 3 in Long Blades
  1176 | D:2      | Noticed Sigmund
  1439 | D:3      | Reached XP level 4. HP: 30/37 MP: 7/7
  1743 | D:3      | Reached skill level 4 in Long Blades
  1760 | D:3      | Reached XP level 5. HP: 40/45 MP: 8/8
  1954 | D:3      | Paralysed by a gnoll for 3 turns
  2208 | D:3      | Found a shimmering altar of Xom.
  2917 | D:2      | Reached XP level 6. HP: 39/52 MP: 9/9
  3651 | D:4      | Reached skill level 5 in Long Blades
  3726 | D:4      | Noticed CipHuK's ghost (experienced NaFi)
  4682 | D:4      | Killed CipHuK's ghost
  4682 | D:4      | Reached skill level 6 in Long Blades
  4682 | D:4      | Your scales start taking on a dull iron-grey colour.
  4682 | D:4      | Gained mutation: You can survive without breathing. [Grey Draconian growth]
  4682 | D:4      | Reached XP level 7. HP: 27/60 MP: 10/10
  4934 | D:5      | Entered Level 5 of the Dungeon
  4948 | D:5      | Reached skill level 5 in Fighting
  5421 | D:5      | Reached XP level 8. HP: 68/68 MP: 11/11
  5449 | D:5      | Reached skill level 7 in Long Blades
  5801 | D:5      | Noticed Prince Ribbit
  5880 | D:5      | Killed Prince Ribbit
  6049 | D:5      | Found a snail-covered altar of Cheibriados.
  6085 | D:5      | Found Imoreh's Weapon Emporium.
  6207 | D:6      | Found a sand-covered staircase.
  6253 | Ossuary  | Entered an ossuary
  6297 | Ossuary  | Mangled by a mummy

Vault maps used:
D:1:      dpeg_arrival_brainrot, serial_forest, infiniplex_forest_lined_room_2,
          infiniplex_forest_clump_curved, infiniplex_forest_lined_corner,
          infiniplex_forest_lined_corner, infiniplex_forest_fountain,
          infiniplex_forest_clump_tiny
D:2:      first_bread, bh_chokoban, minmay_statues_item, uniq_sigmund
D:3:      tgw_xom, hangedman_decor_push, st_stairs_10, minmay_ruptured
D:4:      amethyst_killhole
D:5:      kennysheep_mini, serial_shops, kennysheep_little_box,
          uniq_prince_ribbit1
D:6:      fiery_altar_vehumet, basic_altar, nicolae_ossuary_entry_giza,
          tso_altar
Ossuary:  ossuary_zaba_flooded

Action                   |  1- 3 |  4- 6 |  7- 9 || total
-------------------------+-------+-------+-------++-------
Melee: Falchion          |    58 |       |       ||    58
       Short sword       |    65 |    32 |       ||    97
       Whip              |       |    56 |       ||    56
       Dagger            |       |   257 |   235 ||   492
 Cast: Infusion          |     1 |       |       ||     1
  Use: Potion            |       |       |     2 ||     2
 Stab: Sleeping          |     1 |       |     1 ||     2
       Invisible         |       |     1 |       ||     1
       Confused          |       |     3 |     1 ||     4
       Paralysed         |       |     3 |       ||     3
       Distracted        |       |     1 |       ||     1
       Petrified         |       |       |     1 ||     1
  Eat: Chunk             |     2 |     9 |     5 ||    16
       Beef jerky        |       |     1 |       ||     1
